 Seeded DCSS version 0.30.1-6-gbe392663c4 (webtiles) character file.

Game seed: 1416809328348268147 (custom seed)

25 Psyclone the Chiller (level 2, -2/15 HPs)
             Began as a Deep Elf Ice Elementalist on Sept 20, 2023.
             Shot with an arrow by a centaur (10 damage)
             ... on level 4 of the Dungeon.
             The game lasted 00:04:12 (540 turns).

Psyclone the Chiller (Deep Elf Ice Elementalist)     Turns: 540, Time: 00:04:12

Health: -2/15      AC:  2    Str:  5    XL:     2   Next: 82%
Magic:  2/8        EV: 13    Int: 19    God:
Gold:   79         SH:  0    Dex: 15    Spells: 6/7 levels left

rFire   . . .        d - +0 dagger
rCold   . . .        (no shield)
rNeg    . . .        a - +0 robe
rPois   .            (no helmet)
rElec   .            (no cloak)
rCorr   .            (no gloves)
SInv    .            (no boots)
Will    .....        (no amulet)
Stlth   ++           (no ring)
HPRegen 0.22/turn    (no ring)
MPRegen 0.11/turn

%: no passive effects
@: no status effects
A: no striking features
a: no special abilities


You were on level 4 of the Dungeon.
You visited 1 branch of the dungeon, and saw 4 of its levels.

You collected 79 gold pieces.

Inventory:

Hand Weapons
 d - a +0 dagger (weapon)
Armour
 a - a +0 robe (worn)
Scrolls
 c - 2 scrolls of identify {@r1}
 f - a scroll of magic mapping {unknown}
 g - a scroll of amnesia {unknown}
Potions
 b - a potion of magic
 e - a potion of experience {unknown}


   Skills:
 + Level 3.0 Dodging
 + Level 3.0 Stealth
 + Level 3.4 Spellcasting
 + Level 4.6 Ice Magic


You had 6 spell levels left.
You knew the following spells:

 Your Spells              Type           Power      Damage    Failure   Level
a - Freeze                Ice            84%        1d9       2%          1

Your spell library contained the following spells:

 Spells                   Type           Power      Damage    Failure   Level
 Frozen Ramparts          Ice            42%        1d7       6%          3
 Ozocubu's Armour         Ice            21%        N/A       6%          3
 Summon Ice Beast         Ice/Summ       12%        N/A       50%         4


Dungeon Overview and Level Annotations

Branches:
Dungeon (4/15) Zot: 23460
 Temple: D:4-7

Altars:
Trog
Wu Jian


Message History

Casting: Freeze (safe; 2% risk of failure)
Confirm with . or Enter, or press ? or * to list all spells.
Aiming: Freeze (safe; 2% risk of failure)
Press: ? - help, Shift-Dir - straight line, f/p - howler monkey
Aim: a howler monkey (moderately wounded)
You freeze the howler monkey.
The howler monkey is moderately wounded.
The howler monkey barely misses you.
You now have 5/8 mp.
Casting: Freeze (safe; 2% risk of failure)
Confirm with . or Enter, or press ? or * to list all spells.
Aiming: Freeze (safe; 2% risk of failure)
Press: ? - help, Shift-Dir - straight line, f/p - howler monkey
Aim: a howler monkey (moderately wounded)
You freeze the howler monkey.
The howler monkey is heavily wounded.
The howler monkey barely misses you.
A hound comes into view.
The howler monkey hits you.
You take 6 damage, and have 8/15 hp.
MASSIVE DAMAGE!!
You now have 4/8 mp.
Casting: Freeze (safe; 2% risk of failure)
Confirm with . or Enter, or press ? or * to list all spells.
Aiming: Freeze (safe; 2% risk of failure)
Press: ? - help, Shift-Dir - straight line, f/p - howler monkey
Aim: a howler monkey (heavily wounded)
You freeze the howler monkey.
The howler monkey is severely wounded.
The howler monkey hits you but does no damage.
You now have 3/8 mp.
Casting: Freeze (safe; 2% risk of failure)
Confirm with . or Enter, or press ? or * to list all spells.
Aiming: Freeze (safe; 2% risk of failure)
Press: ? - help, Shift-Dir - straight line, f/p - howler monkey
Aim: a howler monkey (severely wounded)
You freeze the howler monkey!
You kill the howler monkey!
The centaur wields a +0 shortbow.
The centaur shoots an arrow.
The arrow hits you!
Ouch! That really hurt!
You die...

....## ##............
#......###
##..........#
.........##
###......###
..........## ##.....#
#..........## ###..##
#...........## #..##
#$..l.......####..#
#............##..##
#.....@......#..##
#..............##
##...........c.#
#....................
##...h..............c
#...............####
##.........######
#.......### #....


You could see a centaur, an iguana and a hound.

Vanquished Creatures
  A howler monkey (D:4)
  An adder (D:2)
  A dart slug (D:3)
  An orc (D:4)
  3 ball pythons (D:3)
  2 endoplasms (D:3)
  A goblin (D:2)
  A bat (D:3)
  2 kobolds
  2 rats (D:3)
15 creatures vanquished.

Notes
Turn   | Place    | Note
-------+----------+-------------------------------------------
     0 | D:1      | Psyclone the Deep Elf Ice Elementalist began the quest for
                  | the Orb.
     0 | D:1      | Reached XP level 1. HP: 10/10 MP: 6/6
     0 | D:1      | Noticed a minotaur
     0 | D:1      | Noticed a gargoyle
     3 | D:1      | Noticed an elf
     6 | D:1      | Noticed a dwarf
     7 | D:1      | Noticed a vine stalker
     8 | D:1      | Noticed a dwarf
     9 | D:1      | Noticed an octopode
    10 | D:1      | Noticed an elf
    12 | D:1      | Noticed an octopode
    13 | D:1      | Noticed a demigod
    14 | D:1      | Noticed a gargoyle
    17 | D:1      | Noticed a demonspawn
    19 | D:1      | Noticed a vampire
    19 | D:1      | Noticed an octopode
    87 | D:2      | Reached XP level 2. HP: 12/15 MP: 5/8
   267 | D:3      | Found a bloodstained altar of Trog.
   433 | D:3      | Found an ornate altar of the Wu Jian Council.
   522 | D:4      | Noticed a howler monkey
   526 | D:4      | Noticed a centaur
   540 | D:4      | Killed a howler monkey
   540 | D:4      | Shot with an arrow by a centaur

Illustrated notes

Levels and vault maps discovered:
D:1:      shiori_arrival_whats_in_store_for_you, layout_basic
D:2:      layout_rooms, serial_shops, shop, basic_altar
D:3:      layout_rooms, lemuel_tele_altar, nicolae_overflow_hallway_of_the_gods,
          chequers_serial_rivers_small_3
D:4:      layout_cave_pods, serial_shops, kennysheep_mini, uniq_duvessa

Skill      XL: |  1  2 |
---------------+-------+-----
Stealth        | 3 |  3.0
Dodging        | 3 |  3.0
Spellcasting   | |  3.4
Ice Magic      | |  4.6

Action                     || total
---------------------------++-------
   Cast: Freeze            ||    27
    Use: Scroll            ||     1
         Potion            ||     1
 Armour: Robe              ||     7
  Dodge: Dodged            ||    12
